 Dungeon Crawl Stone Soup version 0.29.0-4-gdea44cf6ec (webtiles) character file.

Game seed: 3594556177358160981

316 RascalDebosk the Ogre Mage (level 6, 0/59 HPs)
             Began as an Ogre Fire Elementalist on Aug 26, 2022.
             Slain by a centaur (1 damage)
             ... on level 5 of the Dungeon on Aug 27, 2022.
             The game lasted 00:41:17 (4064 turns).

RascalDebosk the Ogre Mage (Ogre Fire Elementalist) Turns: 4064, Time: 00:41:21

Health: 0/59       AC:  4    Str: 13    XL:     6   Next: 44%
Magic:  5/11       EV: 10    Int: 18    God:
Gold:   170        SH:  0    Dex: 13    Spells: 8/11 levels left

rFire   . . .      SeeInvis .   m - +6 trident "Doaclir" {distort, rElec rPois Dex+4}
rCold   . . .      Faith    .   (no shield)
rNeg    . . .      Spirit   .   a - +0 robe
rPois   +          Reflect  .   (helmet restricted)
rElec   +          Harm     .   k - +0 cloak
rCorr   .          Rampage  .   (gloves unavailable)
Will    .....                   (boots unavailable)
Stlth   ++........              g - amulet of regeneration
HPRegen 0.99/turn               (no ring)
MPRegen 0.12/turn               (no ring)

@: no status effects
A: large, unfitting armour, tough skin 1
a: no special abilities


You were on level 5 of the Dungeon.
You visited 1 branch of the dungeon, and saw 6 of its levels.

You collected 170 gold pieces.

Inventory:

Hand Weapons
 l - a +1 spectral club
 m - the +6 trident "Doaclir" (weapon) {distort, rElec rPois Dex+4}
   (You found it on level 2 of the Dungeon)

   It warps and distorts space around it, and may blink, banish, or inflict
   extra damage upon those it strikes.
   Unwielding it can cause banishment or high damage.
   Dex:       It affects your dexterity (+4).
   rElec:     It insulates you from electricity.
   rPois:     It protects you from poison.
Missiles
 h - 6 atropa-tipped darts
Armour
 a - a +0 robe (worn)
 k - a +0 cloak (worn)
Magical Staves
 i - a staff of air
Jewellery
 g - an amulet of regeneration (around neck)
 p - a ring of fire
Scrolls
 f - 2 scrolls of identify
 j - a scroll of poison {unknown}
 q - 2 scrolls of immolation {unknown}
 r - a scroll of fog {unknown}
Potions
 b - 2 potions of magic
 c - a potion of heal wounds {unknown}
 d - 2 potions of might
 e - a potion of lignification {unknown}
 n - 3 potions of curing
 o - a potion of flight {unknown}


   Skills:
 + Level 2.6 Fighting
 + Level 1.3 Staves
 + Level 1.5 Armour
 + Level 2.8 Dodging
 - Level 1.4 Stealth
 + Level 3.4 Spellcasting
 + Level 1.9 Conjurations
 + Level 1.1 Transmutations
 + Level 3.3 Fire Magic
 + Level 1.1 Poison Magic


You had 8 spell levels left.
You knew the following spells:

 Your Spells              Type           Power      Damage    Failure   Level
a - Foxfire               Conj/Fire      48%        2x1d6     5%          1
b - Scorch                Fire           30%        2d6       6%          2

Your spell library contained the following spells:

 Spells                   Type           Power      Damage    Failure   Level
 Conjure Flame            Conj/Fire      12%        6-21      16%         3
 Ignite Poison            Fire/Tmut/Pois 9%         N/A       22%         3
 Inner Flame              Hex/Fire       9%         N/A       24%         3
 Ozocubu's Armour         Ice            3%         N/A       43%         3
 Flame Wave               Conj/Fire      12%        2d6       45%         4
 Sticky Flame             Conj/Fire      12%        2d4       45%         4
 Ozocubu's Refrigeration  Ice            1%         4d7       100%        7


Dungeon Overview and Level Annotations

Branches:
Dungeon (6/15)
 Temple: D:4-7

Altars:
Fedhas
Makhleb
Wu Jian
Xom
The Shining One

Annotations:
D:6 Sigmund


Innate Abilities, Weirdness & Mutations

You are too large for most types of armour.
You have tough skin. (AC +1)


Message History

You closely miss the black bear.
The black bear is moderately wounded.
The centaur shoots an arrow.
The arrow hits you.
* * * LOW HITPOINT WARNING * * *
The black bear bites you but does no damage.
The black bear claws you but does no damage.
The black bear claws you.
* * * LOW HITPOINT WARNING * * *
You puncture the black bear!
Space warps horribly around the black bear!
You kill the black bear!
The centaur unwields a +0 shortbow.
The centaur hits you.
* * * LOW HITPOINT WARNING * * *
The centaur kicks you but does no damage.
Your Poison Magic skill increases to level 1!
You have reached level 6!
You feel stronger.
You barely miss the centaur.
The centaur is heavily wounded.
The centaur hits you.
* * * LOW HITPOINT WARNING * * *
The centaur kicks you.
* * * LOW HITPOINT WARNING * * *
The centaur closely misses you. The centaur barely misses you.
You puncture the centaur!
The centaur is almost dead.
The centaur hits you.
* * * LOW HITPOINT WARNING * * *
The centaur misses you. The centaur hits you.
* * * LOW HITPOINT WARNING * * *
The centaur kicks you.
* * * LOW HITPOINT WARNING * * *
You barely miss the centaur.
The centaur is almost dead.
The centaur closely misses you.
The centaur kicks you but does no damage.
The centaur hits you.
* * * LOW HITPOINT WARNING * * *
The centaur kicks you.
You die...

###### .$#..
##.#.# #
....###### #.
#.........
#..#c.....###
#...@........
#..#.##.#....
#....# .. #.
##.... .#
#.... #
#..... #.....
#......


You could see a centaur.

Vanquished Creatures
  A black bear (D:5)
  An orc priest (D:3)
  Jessica (D:2)
  2 orc wizards (D:3)
  5 adders
  2 worms (D:2)
  A dart slug (D:2)
  5 orcs
  3 bats
  3 endoplasms
  3 giant cockroaches
  6 goblins
  6 hobgoblins
  7 jackals
  3 quokkas
  2 ball pythons
  2 frilled lizards
  4 kobolds
57 creatures vanquished.

Vanquished Creatures (others)
  143 foxfires
143 creatures vanquished.

Grand Total: 200 creatures vanquished

Notes
Turn   | Place    | Note
-------+----------+-------------------------------------------
     0 | D:1      | RascalDebosk the Ogre Fire Elementalist began the quest for
                  | the Orb.
     0 | D:1      | Reached XP level 1. HP: 16/16 MP: 3/3
   314 | D:1      | Reached skill level 1 in Conjurations
   507 | D:1      | Found a faded altar of an unknown god.
   537 | D:1      | Reached XP level 2. HP: 26/26 MP: 3/5
  1429 | D:1      | Learned a level 2 spell: Scorch
  1643 | D:2      | Reached skill level 1 in Fighting
  1792 | D:2      | Reached XP level 3. HP: 33/33 MP: 1/7
  2182 | D:2      | Reached skill level 1 in Armour
  2182 | D:2      | Reached XP level 4. HP: 34/42 MP: 2/8
  2742 | D:2      | Noticed Jessica
  2745 | D:2      | Killed Jessica
  2888 | D:2      | Identified the +6 trident "Doaclir" {distort, rElec rPois
                  | Dex+4}
  3238 | D:3      | Reached XP level 5. HP: 49/49 MP: 9/9
  3566 | D:3      | Reached skill level 1 in Staves
  3671 | D:3      | Found an ornate altar of the Wu Jian Council.
  3671 | D:3      | Found a burning altar of Makhleb.
  3672 | D:3      | Found a blossoming altar of Fedhas.
  3674 | D:3      | Found a glowing golden altar of the Shining One.
  3674 | D:3      | Found a shimmering altar of Xom.
  4017 | D:4      | You fall into a shaft and drop 2 floors!
  4045 | D:6      | Reached skill level 1 in Transmutations
  4048 | D:6      | Noticed a kobold brigand
  4049 | D:6      | Noticed Sigmund
  4053 | D:5      | Entered Level 5 of the Dungeon
  4053 | D:5      | Noticed a black bear
  4053 | D:5      | Noticed a centaur
  4061 | D:5      | Killed a black bear
  4062 | D:5      | Reached skill level 1 in Poison Magic
  4062 | D:5      | Reached XP level 6. HP: 12/59 MP: 5/11
  4063 | D:5      | HP: 2/59 [centaur (3)]
  4064 | D:5      | Slain by a centaur

Illustrated notes

Levels and vault maps discovered:
D:1:      minmay_arrival_jagged, layout_loops_ring,
          shapermc_ecumenical_altar_starsandcircs, minmay_misc_feat_iff,
          dreamdust_mushroom_princess, solitary_fountain
D:2:      layout_basic, nicolae_eternal_life, uniq_jessica
D:3:      layout_loops_ring, grunt_temple_overflow_open, minivault_11
D:4:      layout_rooms, kennysheep_generic_room_15, uniq_blork_the_orc
D:5:      cheibrodos_fertilizer, layout_basic, kennysheep_nub
D:6:      layout_basic, nicolae_overflow_crystal_walls,
          gup_ossuary_entry_pyramid, uniq_sigmund, uniq_pikel

Skill      XL: |  1  2  3  4  5 |
---------------+----------------+-----
Conjurations   | 1 |  1.9
Dodging        | 2 |  2.8
Fighting       | 1 2 |  2.6
Fire Magic     | 3 |  3.3
Armour         | 1 |  1.5
Spellcasting   | 3 |  3.4
Staves         | 1 |  1.3
Transmutations | 1 |  1.1
Poison Magic   | 1 |  1.1
Stealth        | |  1.4

Action                   |  1- 3 |  4- 6 || total
-------------------------+-------+-------++-------
Melee: Trident           |       |    27 ||    27
       Staff             |       |     1 ||     1
 Cast: Foxfire           |    62 |    37 ||    99
       Scorch            |     3 |     3 ||     6
  Use: Scroll            |       |     2 ||     2
 Stab: Sleeping          |       |     2 ||     2
Armor: Robe              |    20 |    13 ||    33
Dodge: Dodged            |    60 |    20 ||    80
